 Dungeon Crawl Stone Soup version 0.28-a0-863-g8cecda6153 (webtiles) character file.

Game seed: 760148297008598775

50 siradein the Skirmisher (level 3, -6/33 HPs)
             Began as a Hill Orc Fighter on Nov 17, 2021.
             Mangled by an iron imp (9 damage)
             ... summoned by Natasha
             ... on level 2 of the Dungeon.
             The game lasted 00:01:23 (1210 turns).

siradein the Skirmisher (Hill Orc Fighter)          Turns: 1210, Time: 00:01:23

Health: -6/33      AC:  9    Str: 18    XL:     3   Next: 79%
Magic:  3/3        EV:  9    Int:  8    God:
Gold:   38         SH:  4    Dex: 11    Spells: 2/2 levels left

rFire   . . .      SeeInvis .   a - +0 war axe
rCold   . . .      Faith    .   c - +0 buckler
rNeg    . . .      Spirit   .   b - +0 scale mail
rPois   .          Reflect  .   (no helmet)
rElec   .          Harm     .   j - +0 cloak
rCorr   .          Rampage  .   (no gloves)
Will    .....                   f - +0 pair of boots
Stlth   ..........              (no amulet)
HPRegen 0.11/turn               (no ring)
MPRegen 0.08/turn               (no ring)

@: slowed, very slow
A: no striking features
a: no special abilities


You were on level 2 of the Dungeon.
You visited 1 branch of the dungeon, and saw 2 of its levels.

You collected 38 gold pieces.

Inventory:

Hand Weapons
 a - a +0 war axe (weapon)
Armour
 b - a +0 scale mail (worn)
 c - a +0 buckler (worn)
 f - a +0 pair of boots (worn)
 j - a +0 cloak (worn)
Scrolls
 e - a scroll of noise {unknown}
 h - a scroll of immolation {unknown}
Potions
 d - a potion of might
 g - a potion of curing {unknown}
 i - a potion of cancellation {unknown}


   Skills:
 + Level 4.2 Fighting
 + Level 3.5 Axes
 + Level 3.8 Armour
 + Level 3.8 Shields


You had 2 spell levels left.
You didn't know any spells.
Your spell library was empty.

Dungeon Overview and Level Annotations

Branches:
Dungeon (2/15)

Altars:

Annotations:
D:2 Natasha


Message History

Natasha is lightly wounded.
You completely miss the iron imp. The iron imp closely misses you.
Natasha mumbles some strange words.
You closely miss Natasha.
Natasha is lightly wounded.
Your scale mail prevents you from hitting the iron imp.
You hit the iron imp but do no damage. Natasha closely misses you.
You block the iron imp's attack. The iron imp barely misses you.
Natasha casts a spell at you.
The magic dart hits you but does no damage.
You barely miss Natasha.
Natasha is lightly wounded.
You hit the iron imp but do no damage.
Your scale mail prevents you from hitting the iron imp.
The iron imp hits you but does no damage.
Natasha closely misses you.
The iron imp hits you but does no damage.
You closely miss Natasha. You hit the iron imp but do no damage.
You closely miss the iron imp.
The iron imp hits you but does no damage.
Natasha barely misses you. The iron imp hits you!
You closely miss Natasha.
You hit the iron imp but do no damage. x2
Natasha barely misses you. The iron imp barely misses you.
The iron imp hits you but does no damage.
Natasha misses you.
You barely miss Natasha.
You hit the iron imp but do no damage. x2
The iron imp disappears in a puff of smoke!
The iron imp hits you.
* * * LOW HITPOINT WARNING * * *
Natasha barely misses you.
Unknown command.
You block the iron imp's attack. Natasha claws you.
* * * LOW HITPOINT WARNING * * *
Unknown command.
Natasha stares at you and mumbles some strange words.
You feel yourself slow down.
Natasha casts a spell.
Natasha casts a spell.
The iron imp hits you!
You die...

##...####### #
##.....##... ##
##...[...#.# .
.####..........###... #
....+.......5.........#
.##♣#♣.♣.♣.♣.h5### ..
## #.....5...#.# .# #
♣.......♣##h###.##.# #
#.......# #.5@.....#
♣.......♣ #####.####
#........# # #♣.......♣
......... #♣#♣.♣.


You could see an iron imp (summoned) and Natasha.

Vanquished Creatures
  Natasha (D:2)
  An adder skeleton (D:2)
  2 dart slugs
  2 ball pythons
  An endoplasm (D:1)
  A goblin (D:1)
  2 hobgoblins (D:1)
  4 quokkas
  A bat (D:1)
  2 frilled lizards (D:1)
  A kobold (D:1)
  A rat (D:1)
19 creatures vanquished.

Vanquished Creatures (others)
  2 plants (D:2)
2 creatures vanquished.

Grand Total: 21 creatures vanquished

Notes
Turn   | Place    | Note
-------+----------+-------------------------------------------
     0 | D:1      | siradein the Hill Orc Fighter began the quest for the Orb.
     0 | D:1      | Reached XP level 1. HP: 19/19 MP: 1/1
   170 | D:1      | Reached XP level 2. HP: 26/27 MP: 2/2
  1006 | D:1      | Found a faded altar of an unknown god.
  1075 | D:2      | Reached skill level 4 in Fighting
  1114 | D:2      | Noticed Natasha
  1116 | D:2      | Noticed a crimson imp
  1123 | D:2      | Killed Natasha
  1124 | D:2      | Reached XP level 3. HP: 33/33 MP: 3/3
  1190 | D:2      | Noticed Natasha
  1210 | D:2      | Mangled by an iron imp

Illustrated notes

Levels and vault maps discovered:
D:1:      saegor_arrival_simple_a, layout_basic,
          shapermc_ecumenical_altar_acropolis
D:2:      layout_loops_corners, serial_forest, infiniplex_forest_lined_2,
          infiniplex_forest_clump_curved, infiniplex_forest_split,
          infiniplex_forest_lined_room_3, infiniplex_forest_straight_3,
          infiniplex_forest_straight_5, infiniplex_forest_end_double,
          infiniplex_forest_end_1, serial_shops, shop, uniq_natasha,
          uniq_terence, uniq_sigmund

Skill      XL: |  1  2 |
---------------+-------+-----
Axes           | 3 |  3.5
Fighting       | 4 |  4.2
Armour         | |  3.8
Shields        | |  3.8

Action                   || total
-------------------------++-------
Melee: War axe           ||    59
Armor: Scale mail        ||    27
Dodge: Dodged            ||    38
Block: Buckler           ||     6

Table legend: (Time is in decaauts)
 A = Elapsed time spent in this place.
 B = Non-inter-level travel time spent in this place.
 C = Inter-level travel time spent in this place.
 D = Time resting spent in this place.
 E = Time spent auto-exploring this place.
 F = Levels seen in this place.
 G = Mean time per level.
                   A        B        C        D        E       F      G
               +--------+--------+--------+--------+--------+-----+--------+
         Total |   1233 |   1217 |     16 |      0 |   1001 |   2 |  616.5 |
       Dungeon |   1233 |   1217 |     16 |      0 |   1001 |   2 |  616.5 |
               +--------+--------+--------+--------+--------+-----+--------+

Top non-repeatable levels by time:
     D:1: 1073 daAuts
     D:2: 160 daAuts
